Description

.

Build Order

Get SALT Encoding   

  16  0:00  Barracks  16/17 gas, depot
  16  1:10  Refinery  2x Reaper, Hellion, Cyclone, Techlab (swap for Raven), 2x Tank
  20  1:20  Factory  Hellion, 2x Mine, 2x Techlab, 2x Tank
  22  1:30  Command Center  
  27  1:40  Starport  Medivac, Switch on Techlab, Raven
  46  4:00  Barracks  
  46  4:10  Barracks  
  48  4:30  Engineering Bay, Refinery  
  50  4:40  Starport Reactor  4x Medivac
  52  4:50  Combat Shield  7:20 3-prong move-out
  120  7:20  Command Center  
Spawning Tool Build Advisor. Get it on Overwolf

Analysis

.

Go to:

Details

  • Created by: ManofOnewaySC
  • Published on: Sep 08, 2024
  • Modified on: Sep 08, 2024
  • Patch: 5.0.11
  • Difficulty: Medium
Show
View Real Time Build Order
Export as new Build Order

Comments (0)

There are no comments. Be the first!

Create an account to comment!